 Dungeon Crawl Stone Soup version bcrawl-1.12.2 (webtiles) character file.

Game seed: 10382648831929388019

599 RedPan the Ducker (level 7, -2/40 HPs)
             Began as an Avariel Reaver on July 23, 2019.
             Was a Follower of Vehumet.
             Slain by a killer bee (4 damage)
             ... on level 4 of the Dungeon.
             The game lasted 00:11:52 (5486 turns).

RedPan the Ducker (Avariel Reaver)                  Turns: 5486, Time: 00:11:53

Health: -2/40      AC:  7    Str:  9    XL:     7   Next: 41%
Magic:  17/17      EV: 15    Int: 20    God:    Vehumet [*.....]
Gold:   318        SH:  1    Dex: 13    Spells: 17/17 levels left

rFire    . . .     SeeInvis .   a - +0 long sword
rCold    . . .     Gourm    .   (no shield)
rNeg     . . .     Faith    .   b - +0 steam dragon scales
rPois    .         Spirit   .   (no helmet)
rElec    .         Reflect  .   g - +0 cloak {+Inv}
rCorr    .         Harm     .   (no gloves)
MR       .....                  j - +0 pair of boots
Stlth    +.........             (no amulet)
HPRegen  0.13/turn              (no ring)
MPRegen  0.15/turn              p - ring of flight

@: lethally poisoned (-2 -> -10), about to teleport, very slightly contaminated
A: no striking features
a: Renounce Religion, Evoke Invisibility, Evoke Flight


You were on level 4 of the Dungeon.
You worshipped Vehumet.
Vehumet was aware of your devotion.
You were not hungry.

You visited 1 branch of the dungeon, and saw 5 of its levels.

You collected 318 gold pieces.

Inventory:

Hand Weapons
 a - a +0 long sword (weapon)
Armour
 b - +0 steam dragon scales (worn)
 g - a +0 cloak of invisibility (worn)
 j - a +0 pair of boots (worn)
Jewellery
 p - a ring of flight (right hand)
Wands
 m - a wand of digging (8)
Scrolls
 c - 2 scrolls of remove curse
 d - 3 scrolls of immolation
 i - 4 scrolls of teleportation
 q - a scroll of summoning {unknown}
Potions
 e - 2 potions of agility
 n - a potion of flight
Comestibles
 f - 8 rations {!d}


   Skills:
 - Level 2.6 Fighting
 + Level 6.0 Long Blades
 + Level 6.0 Dodging
 + Level 5.6 Spellcasting


You had 17 spell levels left.
You didn't know any spells.
Your spell library contained the following spells:

 Spells                   Type           Power        Failure   Level  Hunger
 Sandblast                Erth           #.....       11%         1    None
 Iskenderun's Battlesphe  Conj/Chrm      #.......     97%         5    #####..


Dungeon Overview and Level Annotations

Branches:
Dungeon (5/12)
 Temple: D:4-7

Altars:
Makhleb
The Shining One


Message History

Press: ? - help, Dir - move target cursor You are very lightly contaminated with residual magic.
As you read the scroll of blinking, it crumbles to dust.
You feel sick.
You feel sick.
You feel sick.
There is a stone staircase leading up here.
The killer bee stings you but does no damage.
The killer bee stings you.
* * * LOW HITPOINT WARNING * * *
You are lethally poisoned!
The killer bee poisons you!
You climb upwards.
* * * LOW HITPOINT WARNING * * *
You feel sick.
There is a stone staircase leading down here.
As you read the scroll of teleportation, it crumbles to dust.
You feel strangely unstable. The killer bee barely misses you.
The killer bee stings you.
You die...

#.## ##.....#.....#...# #
####..## ##.........#.....##
#####......####.......#.....#..##
..............'.........'..(....#
####.#.....####.........####...##
..##.#.#..## ##.......## ##..#
#(###...### ##.....## ####.## #.#
##.## #####...## #...... #.# #.#
#.y@....# #...... ..# ##.##
#.####..# #...... #####...## #o#
#..# #...... #.....#####.####..#
#...... #.............#...##
#...... #.....#####.#......#
#...... ##...##
#.#.#...###########. #####
#.#......)))........
#.......############


You could see a killer bee.

Vanquished Creatures
  An ogre (D:5)
  A scorpion (D:5)
  A howler monkey (D:4)
  A gnoll shaman (D:4)
  A bullfrog skeleton (D:4)
  A centaur skeleton (D:4)
  A hound (D:4)
  2 orc wizards (D:4)
  A hound zombie (D:4)
  A hound skeleton (D:3)
  5 gnolls (D:4)
  7 adders
  A shadow imp (D:4)
  An adder zombie (D:5)
  5 worms
  5 dart slugs
  2 leopard geckos
  8 orcs
  A ball python (D:1)
  4 bats
  3 giant cockroaches
  13 hobgoblins
  A jackal (D:3)
  6 kobolds
  2 quokkas
  6 frilled lizards
  2 goblins (D:1)
  2 quokka skeletons (D:3)
  A quokka zombie (D:3)
  6 rats
92 creatures vanquished.

Notes
Turn   | Place    | Note
-------+----------+-------------------------------------------
     0 | D:1      | RedPan the Avariel Reaver began the quest for the Orb.
     0 | D:1      | Reached XP level 1. HP: 13/13 MP: 6/6
   112 | D:1      | Reached XP level 2. HP: 14/18 MP: 8/8
   431 | D:1      | Reached XP level 3. HP: 16/22 MP: 9/9
   532 | D:1      | Reached * piety under Vehumet
   532 | D:1      | Offered knowledge of Sandblast by Vehumet.
   799 | D:2      | Found a glowing golden altar of the Shining One.
  2136 | D:2      | Found a burning altar of Makhleb.
  2151 | D:2      | Reached XP level 4. HP: 26/27 MP: 11/11
  2658 | D:3      | Reached XP level 5. HP: 21/31 MP: 13/13
  2697 | D:3      | HP: 1/31 [poisoned by an adder]
  3435 | D:4      | Reached skill level 5 in Long Blades
  3435 | D:4      | Reached skill level 5 in Dodging
  3940 | D:4      | Reached XP level 6. HP: 32/36 MP: 14/14
  4644 | D:4      | Reached skill level 5 in Spellcasting
  5132 | D:4      | Reached XP level 7. HP: 26/40 MP: 16/16
  5349 | D:5      | Entered Level 5 of the Dungeon
  5485 | D:4      | HP: 2/40 [poisoned by a killer bee]
  5486 | D:4      | Slain by a killer bee

Skill      XL: |  1  2  3  4  5  6  7 |
---------------+----------------------+-----
Spellcasting   | 3 4 5 |  5.6
Long Blades    | 4 5 6 |  6.0
Dodging        | 4 5 6 |  6.0
Fighting       | |  2.6

Action                   |  1- 3 |  4- 6 |  7- 9 || total
-------------------------+-------+-------+-------++-------
Melee: Long sword        |   178 |   250 |    56 ||   484
  Use: Scroll            |     3 |     3 |     2 ||     8
       Potion            |       |     6 |     3 ||     9
 Stab: Sleeping          |     1 |     2 |       ||     3
       Distracted        |     1 |     1 |       ||     2
       Invisible         |       |     1 |       ||     1
  Eat: Chunk             |     3 |     9 |     3 ||    15
Armor: Steam dragon scal |    43 |    61 |    12 ||   116
Dodge: Dodged            |   116 |   170 |    46 ||   332
Block: Other             |     3 |     2 |     1 ||     6
